 Dungeon Crawl Stone Soup version 0.30.0-15-g856e2d3f33 (webtiles) character file.

Game seed: 16660488194548824338

37 qw the Chopper (level 3, -3/23 HPs)
             Began as a Gargoyle Fighter on May 18, 2023.
             Slain by Sigmund
             ... wielding a +2 scythe of distortion
              (23 damage)
             ... on level 2 of the Dungeon.
             The game lasted 00:00:24 (697 turns).

qw the Chopper (Gargoyle Fighter)                    Turns: 697, Time: 00:00:25

Health: -3/23      AC: 11    Str: 21    XL:     3   Next: 41%
Magic:  3/3        EV:  9    Int:  8    God:
Gold:   43         SH:  4    Dex:  9    Spells: 2/2 levels left

rFire   . . .        Y - +0 war axe
rCold   . . .        c - +0 buckler
rNeg    + . .        b - +0 scale mail
rPois   inf          (no helmet)
rElec   +            (no cloak)
rCorr   .            k - +0 pair of gloves
SInv    .            (no boots)
Will    .....        (no amulet) Stlth
                     (no ring)
HPRegen 0.23/turn    (no ring)
MPRegen 0.08/turn

%: no passive effects
@: no status effects
A: sickness immunity, AC +3, negative energy resistance 1, electricity
resistance, torment resistance 1, petrification resistance
a: no special abilities


You were on level 2 of the Dungeon.
You visited 1 branch of the dungeon, and saw 2 of its levels.

You collected 43 gold pieces.


Innate Abilities, Weirdness & Mutations

You are immune to sickness and miasma.
Your stone body is resilient. (AC +3)
You are immune to poison.
You resist negative energy. (rN+)
You are resistant to electric shocks. (rElec)
You are resistant to unholy torment.
You are immune to petrification.


   Skills:
 - Level 3.2 Fighting
 + Level 3.4 Axes
 - Level 3.2 Armour
 - Level 3.2 Shields


You had 2 spell levels left.
You didn't know any spells.
Your spell library was empty.

Inventory:

Hand Weapons
 j - a +0 club
 Y - a +0 war axe (weapon)
Armour
 b - a +0 scale mail (worn)
 c - a +0 buckler (worn)
 k - a +0 pair of gloves (worn)
Scrolls
 g - a scroll of teleportation
 i - a scroll of identify
Potions
 d - a potion of might
 h - a potion of brilliance {unknown}

Dungeon Overview and Level Annotations

Branches:
Dungeon (2/15)

Altars:

Annotations:
D:2 Sigmund


Message History

It is a scroll of identify.
Really abort (and waste the scroll)?
656 ||| READING 2 scrolls of identify.
As you read the scroll of identify, it crumbles to dust.
e - a potion of degeneration;
656 ||| IDENTIFYING blue potion
657 ||| DROPPING potion of degeneration.
You drop a potion of degeneration.
(D) Dungeon
Where to? (* - list waypoints, ? - help)
What level of the Dungeon? (default 1, ? - help)
There is a stone staircase leading down here.
You climb downwards.
The adder hisses angrily.
The jackal barks!
There is a stone staircase leading up here.
There are monsters nearby!
Waypoint 1 assigned to D:2.
A frilled lizard comes into view.
The frilled lizard hisses angrily.
Sigmund mumbles some strange words.
Sigmund flickers and vanishes!
Deactivating autopickup; reactivate with Ctrl-A.
You hit the frilled lizard.
You kill the frilled lizard!
A jackal comes into view.
The adder misses you.
The jackal barks!
You hit the adder.
The adder is moderately wounded.
The adder bites you but does no damage. The adder barely misses you.
You barely miss the adder.
The adder is moderately wounded.
Something hits you. The adder bites you.
The jackal bites you but does no damage.
You hit the adder.
The adder is severely wounded.
You barely miss the jackal. The adder bites you but does no damage.
Something hits you. Space warps horribly around you!!
Ouch! That really hurt!
You die...

#... #..# #..#
#..# #..#
#.#####..######
#......<.......
########.###.###
.......@h#
#######S.# #..#
#..# #..# #..#
#... ##..


You could see an adder and a jackal.

Vanquished Creatures
  2 dart slugs (D:1)
  2 ball pythons (D:1)
  4 endoplasms (D:1)
  2 giant cockroaches (D:1)
  2 goblins (D:1)
  A hobgoblin (D:1)
  4 jackals (D:1)
  2 kobolds (D:1)
  2 quokkas (D:1)
  3 bats (D:1)
  4 frilled lizards
  A rat (D:1)
29 creatures vanquished.

Notes
Turn   | Place    | Note
-------+----------+-------------------------------------------
     0 | D:1      | qw the Gargoyle Fighter began the quest for the Orb.
     0 | D:1      | Reached XP level 1. HP: 14/14 MP: 1/1
     0 | D:1      | 0 ||| qw: Version: 0.2-a-96-g08746bd
     0 | D:1      | 0 ||| qw: Game counter: 74
     0 | D:1      | 0 ||| qw: Always use a shield: true
     0 | D:1      | 0 ||| qw: God list: Okawaru
     0 | D:1      | 0 ||| qw: Allow faded altars: false
     0 | D:1      | 0 ||| qw: Do Orc after D:15 true
     0 | D:1      | 0 ||| qw: Do second Lair branch before Depths: true
     0 | D:1      | 0 ||| qw: Lair rune preference: random
     0 | D:1      | 0 ||| qw: Plans: Normal, Zot:1-4, God:TSO, Crypt, Tomb,
                  | Pan, Slime:5, Hells, Abyss, Win
     0 | D:1      | 0 ||| PLANNING D:1-11
    12 | D:1      | 12 ||| Stepping ~*~*~tactically~*~*~ (hiding).
   147 | D:1      | Reached XP level 2. HP: 19/19 MP: 2/2
   299 | D:1      | Reached skill level 3 in Axes
   305 | D:1      | 305 ||| Stepping ~*~*~tactically~*~*~ (stealth).
   308 | D:1      | Reached XP level 3. HP: 23/23 MP: 3/3
   562 | D:1      | 562 ||| Stepping ~*~*~tactically~*~*~ (stealth).
   646 | D:1      | 646 ||| UPGRADING to +0 pair of gloves.
   651 | D:1      | 651 ||| READING scroll labelled VANIAM ZUECH.
   652 | D:1      | 652 ||| READING 2 scrolls labelled IWUNOE CEGA.
   655 | D:1      | 655 ||| READING 3 scrolls labelled ELLUINA DEROKK.
   656 | D:1      | 656 ||| READING 2 scrolls of identify.
   656 | D:1      | 656 ||| IDENTIFYING blue potion
   657 | D:1      | 657 ||| DROPPING potion of degeneration.
   691 | D:2      | Noticed Sigmund
   697 | D:2      | Slain by Sigmund

Levels and vault maps discovered:
D:1:      spicycebolla_arrival_ecumenical, layout_loops_cross,
          minmay_heptomino_w4
D:2:      layout_loops_ring, uniq_sigmund

Skill      XL: |  1  2 |
---------------+-------+-----
Axes           | 2 3 |  3.4
Fighting       | |  3.2
Armour         | |  3.2
Shields        | |  3.2

Action                     || total
---------------------------++-------
  Melee: War axe           ||    75
    Use: Scroll            ||     4
 Armour: Scale mail        ||    45
  Dodge: Dodged            ||    35
  Block: Buckler           ||    13

Table legend:
 A = Non-vault XP
 B = Vault XP
 C = Vault XP percentage of total XP
 D = Non-vault monster count
 E = Vault monster count
 F = Vault count percentage of total count
                 A         B        C        D         E       F
            +---------+---------+-------+---------+---------+-------
      Total |      43 |      11 |  20.4 |      23 |       6 |  20.7
            +---------+---------+-------+---------+---------+-------
        D:1 |      42 |      11 |  20.8 |      22 |       6 |  21.4
        D:2 |       1 |       0 |   0.0 |       1 |       0 |   0.0
            +---------+---------+-------+---------+---------+-------
